 Dungeon Crawl Stone Soup version 0.21.1-1-g345015f (webtiles) character file.

60 aagent17 the Skirmisher (level 3, 0/45 HPs)
             Began as a Demonspawn Abyssal Knight on June 3, 2018.
             Was a Follower of Lugonu.
             Slain by Sigmund
             ... wielding a +0 scythe
              (2 damage)
             ... on level 2 of the Dungeon.
             The game lasted 00:10:32 (1556 turns).

aagent17 the Skirmisher (Demonspawn Abyssal Knight) Turns: 1556, Time: 00:10:33

Health: 0/45       AC: 21    Str: 12    XL:     3   Next: 80%
Magic:  5/5        EV:  2    Int: 14    God:    Lugonu [*.....]
Gold:   101        SH:  0    Dex: 17    Spells: 2/2 levels left

rFire    . . .     SeeInvis .   a - +1 mace
rCold    . . .     Gourm    .   (no shield)
rNeg     + + +     Faith    .   (armour currently unavailable)
rPois    +         Spirit   .   (helmet currently unavailable)
rElec    .         Reflect  .   (cloak currently unavailable)
rCorr    .         Harm     .   (gloves currently unavailable)
MR       .....     NoTele   +   (boots currently unavailable)
Stlth    ++........             (no amulet)
HPRegen  0.15/turn              (no ring)
MPRegen  0.09/turn              (no ring)

@: confused, agile, tree-form
A: repulsion field 1
a: Depart the Abyss, Renounce Religion


You were on level 2 of the Dungeon.
You worshipped Lugonu.
Lugonu was aware of your devotion.
You were not hungry.
You were a tree.
You visited 1 branch of the dungeon, and saw 2 of its levels.
You visited the Abyss 1 time.

You collected 101 gold pieces.

Inventory:

Hand Weapons
 a - a +1 mace (weapon)
Armour
 b - a +0 leather armour
 g - a +0 leather armour
 h - a cursed +0 chain mail (melded)
Scrolls
 d - 3 scrolls of identify
Comestibles
 c - 3 rations


   Skills:
 + Level 3.8 Fighting
 + Level 2.3 Maces & Flails
 + Level 2.2 Armour
 + Level 1.1 Dodging
 + Level 0.3 Stealth
 + Level 2.7 Invocations


You had 2 spell levels left.
You didn't know any spells.

Dungeon Overview and Level Annotations

Branches:
Dungeon (2/15)

Altars:
Vehumet

Annotations:
D:2 Sigmund


Innate Abilities, Weirdness & Mutations

You are surrounded by a mild repulsion field. (EV +2)
((Your flesh is cold resistant. (rC+)))


Message History

Your cursed +0 chain mail melds into your body.
Your roots penetrate the ground.
It was a potion of agility.
You feel agile all of a sudden. Sigmund hits you but does no damage.
You cannot move.
You cannot move.
Unknown command.
Unknown command.
Sigmund whispers, "You'll know eternity soon."
Sigmund hits you but does no damage.
Sigmund points at you and mumbles some strange words.
The puff of flame hits you!
* * * LOW HITPOINT WARNING * * *
Sigmund hits you but does no damage. Sigmund says, "I'm your fate."
Sigmund casts a spell at you.
You are confused.
Sigmund hits you from afar with a scythe.
You die...

#########.###..........)..# #.###
#.........##.............###....
#....>....##.........###..#####.
#.....................##........
...................)......)....
....................#.....<... #
##.##>...#............(....... .
#..........................(.. .
###...##......♣................
.##...#######.@........#####.....
.................................
.###############.###.#.####......
# #.....#.######....
####..............
###########.... #.... #....


You could see Sigmund.

Vanquished Creatures
  2 adders (D:2)
  A worm (D:2)
  A dart slug (D:2)
  4 bats
  3 giant cockroaches
  5 goblins
  6 hobgoblins
  2 jackals (D:1)
  A ball python (D:2)
  2 frilled lizards (D:1)
  4 kobolds
  5 rats
36 creatures vanquished.

Notes
Turn   | Place    | Note
-------+----------+-------------------------------------------
     0 | Abyss:1  | aagent17 the Demonspawn Abyssal Knight began the quest for the Orb.
     0 | Abyss:1  | Reached XP level 1. HP: 18/18 MP: 2/2
    84 | Abyss:1  | Noticed a large abomination
    85 | D:1      | Escaped the Abyss
   247 | D:1      | Gained mutation: You are surrounded by a mild repulsion field. (EV +2) [demonic ancestry]
   247 | D:1      | Reached XP level 2. HP: 18/24 MP: 3/3
   270 | D:1      | Reached * piety under Lugonu
   780 | D:1      | Reached skill level 1 in Dodging
   905 | D:2      | Gained mutation: Your flesh is cold resistant. (rC+) [demonic ancestry]
   905 | D:2      | Reached XP level 3. HP: 25/29 MP: 5/5
  1017 | D:2      | Found a radiant altar of Vehumet.
  1510 | D:2      | Noticed Sigmund
  1553 | D:2      | HP: 2/45 [Sigmund/puff of flame (3)]
  1556 | D:2      | Slain by Sigmund

Skill      XL: |  1  2 |
---------------+-------+-----
Maces & Flails | 2 |  2.3
Armour         | 2 |  2.2
Dodging        | 1 |  1.1
Fighting       | |  3.8
Stealth        | |  0.3
Invocations    | |  2.7

Action                   || total
-------------------------++-------
Melee: Mace              ||   117
Invok: Depart the Abyss  ||     1
  Use: Scroll            ||     2
       Potion            ||     2
  Eat: Chunk             ||     2
Armor: Leather armour    ||    14
       Chain mail        ||    99
       Skin              ||     2
Dodge: Dodged            ||   110
